 Dungeon Crawl Stone Soup version 0.31-a0-1074-g0b22e4e0f1 (webtiles) character file.

Game seed: 7248495252698390402

215 grandjackal the Twirler (level 6, -4/47 HPs)
             Began as a Djinni Gladiator on Nov 30, 2023.
             Was an Initiate of Gozag.
             Slain by a gnoll
             ... wielding a +0 whip
              (6 damage)
             ... on level 4 of the Dungeon.
             The game lasted 00:03:41 (2944 turns).

grandjackal the Twirler (Djinni Gladiator)          Turns: 2944, Time: 00:03:42

Health: -4/47      AC:  4    Str: 13    XL:     6   Next: 15%
Gold:   286        EV: 12    Int: 11    God:    Gozag SH:  0 Dex: 15

rFire   + + .        p - +7 captain's cutlass {speed, disarm}
rCold   x . .        (no shield)
rNeg    + . .        b - +0 leather armour
rPois   ∞            c - +0 helmet
rElec   .            (no cloak)
rCorr   .            (no gloves)
SInv    .            (boots unavailable)
Will    .....        (no amulet)
Stlth   +            o - ring of positive energy
HPRegen 0.27/turn    (no ring)
MPRegen 0.00/turn

%: infuse magic (-5 HP)
@: gold aura, flying
A: sickness immunity, fire resistance 2, cold vulnerability 1, float, innate
caster, HP casting, extra vitality 1
a: Renounce Religion, Potion Petition, Call Merchant, Bribe Branch


You were on level 4 of the Dungeon.
You worshipped Gozag.
Gozag was aware of your devotion.
You visited 1 branch of the dungeon, and saw 4 of its levels.

You collected 324 gold pieces.
You paid 38 gold pieces to Gozag.

Inventory:

Hand Weapons
 a - a +0 quarterstaff
 p - the +7 captain's cutlass (weapon) {speed, disarm}
   (You found it on level 4 of the Dungeon)
Missiles
 d - 3 throwing nets (quivered)
 e - a javelin
Armour
 b - a +0 leather armour (worn)
 c - a +0 helmet (worn)
Jewellery
 o - a ring of positive energy (left hand)
Wands
 n - a wand of polymorph (12)
Scrolls
 f - 4 scrolls of identify {unknown}
 h - 5 scrolls of enchant weapon {unknown}
 i - a scroll of teleportation {unknown}
 j - a scroll of noise {unknown}
 k - a scroll of immolation {unknown}
Potions
 g - a potion of heal wounds {unknown}
 l - a potion of attraction {unknown}
 m - a potion of brilliance {unknown}


   Skills:
 + Level 3.8 Fighting
 + Level 4.0 Staves
 - Level 1.5 Throwing
 - Level 3.2 Dodging
 + Level 1.8 Spellcasting
 + Level 1.8 Conjurations
 + Level 1.8 Hexes
   Level 0.0 Charms
 + Level 1.8 Summonings
 + Level 1.8 Necromancy
 + Level 1.8 Translocations
 + Level 1.8 Transmutations
 + Level 1.8 Fire Magic
 + Level 1.8 Ice Magic
 + Level 1.8 Air Magic
 + Level 1.8 Earth Magic
 + Level 1.8 Poison Magic


You knew the following spells:

 Your Spells              Type           Power      Damage    Failure   Level
a - Magic Dart            Conj           20%        1d4       19%         1
b - Scorch                Fire           10%        2d5       26%         2
Your spell library was empty.

Dungeon Overview and Level Annotations

Branches:
Dungeon (4/15)
 Temple: D:4-7

Altars:
Gozag


Innate Abilities, Weirdness & Mutations

You are immune to sickness and miasma.
You are immune to poison.
Your flesh is very heat resistant. (rF++)
You are vulnerable to cold. (rC-)
You float through the air rather than walking.
You learn spells naturally, not from books.
Your magical power is your life essence.
You have superior vitality. (+4 MHP)


Message History

You now have 286 gold pieces (gained 9).
A gnoll comes into view. It is wielding a +0 halberd.
The gnoll shouts!
A gnoll is nearby!
A gnoll comes into view. It is wielding a +0 flail.
The gnoll hits you with a +0 halberd!
You hit the gnoll but do no damage. You barely miss the gnoll.
A gnoll comes into view. It is wielding a +0 club.
A gnoll comes into view. It is wielding a +0 whip.
The gnoll hits you with a +0 halberd!
The gnoll shouts!
You closely miss the gnoll.
The gnoll shouts!
The gnoll barely misses you. The gnoll completely misses you.
You puncture the gnoll!
The gnoll is heavily wounded.
The gnoll misses you.
You hit the gnoll.
You kill the gnoll!
The gnoll hits you from afar with a +0 halberd.
The gnoll hits you with a +0 club. The gnoll hits you with a +0 halberd!
* * * LOW HITPOINT WARNING * * *
Things that are here:
8 gold pieces; a +0 flail; 2 throwing nets Unknown command.
You puncture the gnoll!
The captain's cutlass flashes!
You lacerate the gnoll!!
The gnoll's +0 halberd falls to the floor!
You kill the gnoll!
The gnoll barely misses you.
You hit the gnoll.
The gnoll is moderately wounded.
The gnoll hits you with a +0 club.
* * * LOW HITPOINT WARNING * * *
You barely miss the gnoll.
The gnoll is moderately wounded.
The gnoll misses you. The gnoll hits you with a +0 whip.
You die...
Your body crumbles into a pile of gold.

#..#
##.##
#..#
##.##
####
##.##
##.###
##..#
#..##
##..#
#..##
##@..#
#gg.##
#$###
.## .#
.. ..
##. #


You could see 2 gnolls.

Vanquished Creatures
  A hound (D:4)
  2 iguanas
  2 gnolls (D:4)
  4 adders
  4 worms
  8 orcs
  3 bats
  12 endoplasms
  3 giant cockroaches
  6 hobgoblins
  A quokka (D:4)
  4 ball pythons
  A frilled lizard (D:3)
  3 goblins
  5 kobolds
  5 rats
64 creatures vanquished.

Notes
Turn   | Place    | Note
-------+----------+-------------------------------------------
     0 | D:1      | grandjackal the Djinni Gladiator began the quest for the
                  | Orb.
     0 | D:1      | Reached XP level 1. HP: 18/18 MP: 0/0
   369 | D:2      | Reached XP level 2. HP: 23/23 MP: 0/0
   380 | D:2      | Reached skill level 3 in Staves
   387 | D:2      | Reached XP level 3. HP: 15/29 MP: 0/0
   387 | D:2      | Learned a level 1 spell: Magic Dart
   704 | D:2      | Reached skill level 1 in Spellcasting
   704 | D:2      | Reached skill level 1 in Conjurations
   704 | D:2      | Reached skill level 1 in Hexes
   704 | D:2      | Reached skill level 1 in Summonings
   704 | D:2      | Reached skill level 1 in Necromancy
   704 | D:2      | Reached skill level 1 in Translocations
   704 | D:2      | Reached skill level 1 in Transmutations
   704 | D:2      | Reached skill level 1 in Fire Magic
   704 | D:2      | Reached skill level 1 in Ice Magic
   704 | D:2      | Reached skill level 1 in Air Magic
   704 | D:2      | Reached skill level 1 in Earth Magic
   704 | D:2      | Reached skill level 1 in Poison Magic
   947 | D:2      | Reached XP level 4. HP: 29/34 MP: 0/0
  1470 | D:3      | Found an opulent altar of Gozag.
  1529 | D:3      | Became a worshipper of Gozag Ym Sagoz the Greedy
  2136 | D:3      | Reached XP level 5. HP: 13/40 MP: 0/0
  2136 | D:3      | Learned a level 2 spell: Scorch
  2679 | D:4      | Found the +7 captain's cutlass {speed, disarm}
  2821 | D:4      | Reached skill level 4 in Staves
  2821 | D:4      | Reached XP level 6. HP: 28/47 MP: 0/0
  2943 | D:4      | HP: 2/47 [gnoll/+0 club (3)]
  2944 | D:4      | Slain by a gnoll

Illustrated notes

Levels and vault maps discovered:
D:1:      psy_arrival_spokes, layout_rooms, nicolae_figureground_sparkle
D:2:      minmay_skewed_foursquare, layout_rooms, serial_forest,
          infiniplex_forest_fountain, infiniplex_forest_corner_1,
          infiniplex_forest_lined_corner, infiniplex_forest_lined_corner,
          infiniplex_forest_straight_1, infiniplex_forest_clump_small
D:3:      layout_basic, nicolae_gozag_cash_rules_everything_around_me
D:4:      layout_layer_cave, chequers_serial_rivers_marsh, uniq_edmund,
          uniq_pikel

Skill      XL: |  1  2  3  4  5 |
---------------+----------------+-----
Staves         | 3 4 |  4.0
Spellcasting   | 1 |  1.8
Conjurations   | 1 |  1.8
Hexes          | 1 |  1.8
Summonings     | 1 |  1.8
Necromancy     | 1 |  1.8
Translocations | 1 |  1.8
Transmutations | 1 |  1.8
Fire Magic     | 1 |  1.8
Ice Magic      | 1 |  1.8
Air Magic      | 1 |  1.8
Earth Magic    | 1 |  1.8
Poison Magic   | 1 |  1.8
Fighting       | 3 |  3.8
Throwing       | |  1.5
Dodging        | |  3.2

Action                     |  1- 3 |  4- 6 || total
---------------------------+-------+-------++-------
  Melee: Quarterstaff      |    74 |   123 ||   197
         Cutlass           |       |    16 ||    16
   Cast: Magic Dart        |     5 |     4 ||     9
 Armour: Leather armour    |    55 |    67 ||   122
  Dodge: Dodged            |    45 |    74 ||   119

Table legend: (Time is in decaauts)
 A = Elapsed time spent in this place.
 B = Non-inter-level travel time spent in this place.
 C = Inter-level travel time spent in this place.
 D = Time resting spent in this place.
 E = Time spent auto-exploring this place.
 F = Levels seen in this place.
 G = Mean time per level.
                   A        B        C        D        E       F      G
               +--------+--------+--------+--------+--------+-----+--------+
         Total |   2965 |   2870 |     95 |    601 |   1712 |   4 |  741.2 |
       Dungeon |   2965 |   2870 |     95 |    601 |   1712 |   4 |  741.2 |
               +--------+--------+--------+--------+--------+-----+--------+

Top non-repeatable levels by time:
     D:2: 977 daAuts
     D:3: 932 daAuts
     D:4: 585 daAuts
     D:1: 469 daAuts
